Description

Build Order for Harstem's guide to a Has Immortal All In.

VOD

https://youtu.be/RTvcDWkiq3w?si=Zyr5108OAY-2fJdk

Replay - 2023-02-05 - (P)TheCowboy VS (P)A.I. 1 (Very Easy)

Build Order

Get SALT Encoding   

  12  0:00  Probe  
  13  0:12  Probe  
  14  0:18  Pylon  
  14  0:24  Probe  
  15  0:37  Gateway  
  15  0:38  Probe (Chrono Boost)  
  16  0:47  Probe (Chrono Boost)  
  17  0:51  Assimilator  
  17  0:53  Probe  
  18  1:05  Probe  
  19  1:17  Probe  
  20  1:25  Nexus  
  20  1:36  Cybernetics Core  
  20  1:40  Probe  
  20  1:46  Pylon  
  21  1:52  Probe  
  23  2:10  Adept (Chrono Boost)  
  23  2:13  Warp Gate  
  26  2:25  Robotics Facility  
  29  2:43  Stalker  
  33  2:59  Gateway  
  35  3:07  Gateway x2  
  35  3:17  Immortal (Chrono Boost)  
  39  3:27  Gateway x2  
  39  3:35  Pylon  
  39  3:44  Gateway  
  39  3:46  Warp Prism (Chrono Boost)  
  41  3:59  Pylon  
  41  4:01  Zealot x4  
  47  4:09  Pylon  
  49  4:21  Zealot x5  
  59  4:37  Zealot  
Spawning Tool Build Advisor. Get it on Overwolf

Analysis

Opens with a Pylon scout into Hatch Block, then Nexus First with no second Gas. Warp Gate then quick Robo, Chrono out an Immortal and a Prism while getting up 7 Gates.

Goal is to attack around 4:50 with 15 Zealots, an Immortal, and a Prism on 2 Base 1 Gas full saturation.

Go to:

Details

  • Created by: biglunch
  • Published on: Jan 14, 2024
  • Modified on: Jan 15, 2024
  • Patch: 5.0.11
  • Difficulty: Medium
Show
View Real Time Build Order
Export as new Build Order

Comments (0)

There are no comments. Be the first!

Create an account to comment!